 Dungeon Crawl Stone Soup version 0.31.0-1-g2c135a008e (webtiles) character file.

Game seed: 9469458459723251056

1654 qw the Skirmisher (level 9, -1/65 HPs)
             Began as a Djinni Hunter on Jan 24, 2024.
             Slain by Jeremiah
             ... wielding a +3 trident of draining
              (5 damage)
             ... on level 6 of the Dungeon.
             The game lasted 00:00:24 (4443 turns).

qw the Skirmisher (Djinni Hunter)                   Turns: 4443, Time: 00:00:25

Health: -1/65      AC: 11    Str: 10    XL:     9   Next: 19%
Gold:   187        EV: 12    Int: 11    God:
                   SH:  0    Dex: 21

rFire   + + +        a - +0 shortbow
rCold   . . .        (shield currently unavailable)
rNeg    . . .        f - +3 ring mail
rPois   inf          n - +0 helmet
rElec   .            h - scarf {rC+ rF+}
rCorr   .            k - +1 pair of gloves {Stlth+}
SInv    .            (boots unavailable)
Will    .....        m - amulet of regeneration
Stlth   ++           d - +4 ring of slaying {mikee}
HPRegen 1.10/turn    (no ring)
MPRegen 0.00/turn

%: infuse magic (-2 HP)
@: flying
A: sickness immunity, fire resistance 2, cold vulnerability 1, float, innate
caster, HP casting, extra vitality 1
a: no special abilities


You were on level 6 of the Dungeon.
You visited 2 branches of the dungeon, and saw 7 of its levels.

You collected 368 gold pieces.
You spent 181 gold pieces at shops.


Innate Abilities, Weirdness & Mutations

You are immune to sickness and miasma.
You are immune to poison.
Your flesh is very heat resistant. (rF++)
You are vulnerable to cold. (rC-)
You float through the air rather than walking.
You learn spells naturally, not from books.
Your magical power is your life essence.
You have superior vitality. (+4 MHP)


   Skills:
 - Level 5.1 Fighting
 - Level 8.0 Ranged Weapons
 - Level 3.0 Armour
 + Level 4.4 Dodging
 - Level 0.7 Stealth


You knew the following spells:

 Your Spells              Type           Power      Damage    Failure   Level
a - Freeze                Ice            0%         1d3       65%         1
b - Call Imp              Summ           0%         N/A       78%         2
c - Summon Ice Beast      Ice/Summ       0%         N/A       95%         3
d - Inner Flame           Hex/Fire       0%         N/A       95%         3
Your spell library was empty.

Inventory:

Hand Weapons
 a - a +0 shortbow (weapon)
Armour
 f - a +3 ring mail (worn)
 h - a scarf of resistance (worn)
 k - a +1 pair of gloves of stealth (worn)
 n - a +0 helmet (worn)
Jewellery
 d - a +4 ring of slaying (left hand) {mikee}
 m - an amulet of regeneration (around neck)
Wands
 b - a wand of polymorph (6)
Potions
 c - a potion of heal wounds {unknown}
 g - a potion of resistance
 i - a potion of haste
 j - a potion of curing
 l - a potion of enlightenment

Dungeon Overview and Level Annotations

Branches:
Dungeon (6/15)             Temple (1/1) D:4

Altars:
Ashenzari
Cheibriados
Dithmenos
Elyvilon
Fedhas
Gozag
Hepliaklqana
Makhleb
Nemelex Xobeh
Qazlal
Ru
Trog
Uskayaw
Wu Jian
Xom
Yredelemnul
Zin
The Shining One

Shops:
D:4 [

Annotations:
D:3 1 runed translucent door, qw's ghost, amateur DjHu
D:6 Jeremiah


Message History

The shadow imp is moderately wounded.
The butterfly disappears in a burst of colours! x2
The shadow imp disappears for a moment.
The shadow imp closely misses you. Jeremiah hits you but does no damage.
The shadow imp hits you.
Jeremiah lets out a twisted cry.
Something smites you!
You shoot an arrow.
The arrow completely misses the shadow imp.
The butterfly disappears in a burst of colours!
The orc hits you but does no damage.
The shadow imp hits you but does no damage.
Jeremiah closely misses you.
You shoot an arrow. The arrow hits the shadow imp!
You kill the shadow imp!
The butterfly disappears in a burst of colours!
The orc barely misses you.
Jeremiah hops!
You shoot an arrow. The arrow hits the orc.
The orc is lightly wounded.
The orc closely misses you.
You shoot an arrow. The arrow hits the orc.
You kill the orc!
The butterfly disappears in a burst of colours!
The butterfly disappears in a burst of colours! x4
Jeremiah hops!
You shoot an arrow.
The arrow hits Jeremiah but does no damage.
Jeremiah is heavily wounded.
The butterfly disappears in a burst of colours!
Jeremiah shouts, "Stop it!
Stop making me do this!"
Jeremiah misses you.
The butterfly disappears in a burst of colours!
Jeremiah misses you.
The butterfly disappears in a burst of colours! x2
Jeremiah cries, "Fearful master, protect me!"
Something smites you!
The butterfly disappears in a burst of colours! x2
Jeremiah hits you from afar with a +3 trident of draining.
You die...
Jeremiah asks, "What happened?
Did... did you die?"

#. #.# .. #####b####
'# #....b...# .#
#?...b##.# .#####
#..b.b##.######.#.b.
#bbb.#..b.....bb..#
#.#.##b#.####bbbbb#
#.../bFbb# #@bFb#
###.##b##### #bb#b#
#........###..#.#
####.###...b....#
#.# #####b.###
#.#######..#
#..........#
##########.#
########## #.#


You could see Jeremiah.

Vanquished Creatures
  Grinder (D:4)
  Edmund (D:4)
  An orc warrior (D:6)
  2 sky beasts
  An ogre (D:6)
  2 bullfrogs
  A gnoll sergeant (D:5)
  A scorpion (D:6)
  2 bombardier beetles (D:5)
  3 hounds
  2 jellies
  3 orc priests
  A sleepcap (D:6)
  3 orc wizards
  Robin (D:4)
  13 adders
  8 gnolls
  A shadow imp (D:6)
  2 dart slugs
  2 ribbon worms (D:2)
  17 orcs
  2 endoplasms
  2 giant cockroaches
  16 goblins
  8 hobgoblins
  3 quokkas
  7 ball pythons
  4 bats
  A frilled lizard (D:1)
  7 kobolds
  4 rats
122 creatures vanquished.

Notes
Turn   | Place    | Note
-------+----------+-------------------------------------------
     0 | D:1      | qw the Djinni Hunter began the quest for the Orb.
     0 | D:1      | Reached XP level 1. HP: 18/18 MP: 0/0
     0 | D:1      | 0 ||| qw: Version: 0.3-a-136-gdd3b4e8
     0 | D:1      | 0 ||| qw: Game counter: 1263
     0 | D:1      | 0 ||| qw: Melee chars always use a shield: true
     0 | D:1      | 0 ||| qw: God list: Okawaru
     0 | D:1      | 0 ||| qw: Allow faded altars: false
     0 | D:1      | 0 ||| qw: Do Orc after clearing Dungeon:15 true
     0 | D:1      | 0 ||| qw: Do second Lair branch before Depths: true
     0 | D:1      | 0 ||| qw: Lair rune preference: random
     0 | D:1      | 0 ||| qw: Goals: Normal
     0 | D:1      | 0 ||| PLANNING D:1-11
   307 | D:1      | Reached XP level 2. HP: 23/23 MP: 0/0
   357 | D:1      | Found a faded altar of an unknown god.
   563 | D:1      | 563 ||| UPGRADING to +3 ring mail.
   573 | D:1      | 573 ||| DROPPING +0 leather armour.
   574 | D:1      | 574 ||| UPGRADING to +4 ring of slaying {mikee}.
   575 | D:1      | 575 ||| READING scroll labelled VEN LAICZOASARADGHO.
   575 | D:1      | 575 ||| IDENTIFYING viscous amethyst potion
   576 | D:1      | 576 ||| READING scroll labelled QUOL FI SIPARCHEM.
   677 | D:1      | 677 ||| DROPPING scroll of butterflies.
   777 | D:2      | Reached skill level 4 in Ranged Weapons
   777 | D:2      | Reached XP level 3. HP: 14/28 MP: 0/0
   777 | D:2      | Learned a level 1 spell: Freeze
   879 | D:2      | Reached skill level 1 in Armour
   879 | D:2      | Reached XP level 4. HP: 33/33 MP: 0/0
  1191 | D:2      | Reached skill level 3 in Fighting
  1207 | D:2      | Reached XP level 5. HP: 40/40 MP: 0/0
  1207 | D:2      | Learned a level 2 spell: Call Imp
  1691 | D:2      | 1691 ||| UPGRADING to scarf of resistance.
  1696 | D:2      | 1696 ||| DROPPING +0 leather armour of willpower.
  1697 | D:2      | 1697 ||| UPGRADING to +0 helmet.
  1702 | D:2      | 1702 ||| READING scroll labelled UJEIXA JAINETT.
  1703 | D:2      | 1703 ||| READING 3 scrolls labelled QAH NIAMUROO.
  1745 | D:3      | 1745 ||| STAIRDANCE
  1903 | D:3      | Reached skill level 5 in Ranged Weapons
  1909 | D:3      | Reached XP level 6. HP: 29/46 MP: 0/0
  2025 | D:3      | Reached skill level 3 in Dodging
  2236 | D:3      | Found a runed translucent door.
  2236 | D:3      | Noticed qw's ghost (amateur DjHu)
  2394 | D:3      | 2394 ||| UPGRADING to +0 pair of gloves.
  2399 | D:3      | 2399 ||| UPGRADING to amulet of regeneration.
  2404 | D:3      | 2404 ||| READING scroll labelled BUPHUA CIOL.
  2405 | D:3      | 2405 ||| DRINKING 2 fizzy brown potions.
  2406 | D:3      | 2406 ||| DRINKING 2 viscous inky potions.
  2407 | D:3      | 2407 ||| DROPPING potion of degeneration.
  2418 | D:4      | 2418 ||| STAIRDANCE
  2522 | D:4      | Reached XP level 7. HP: 42/52 MP: 0/0
  2522 | D:4      | Learned a level 3 spell: Summon Ice Beast
  2531 | D:4      | Found a staircase to the Ecumenical Temple.
  2532 | D:4      | 2532 ||| PLANNING TEMPLE
  2532 | D:4      | 2532 ||| READING scroll of identify.
  2532 | D:4      | 2532 ||| IDENTIFYING fuming cyan potion
  2533 | D:4      | 2533 ||| DRINKING 2 fizzy white potions.
  2637 | D:4      | 2637 ||| DROPPING potion of brilliance.
  2638 | D:4      | 2638 ||| DROPPING potion of berserk rage.
  2645 | Temple   | Entered the Ecumenical Temple
  2646 | Temple   | 2646 ||| PLANNING D:1-11
  2664 | D:4      | Found the +5 woodcutter's axe
  2851 | D:4      | Noticed Robin
  2864 | D:4      | Killed Robin
  2915 | D:4      | Noticed Edmund
  2916 | D:4      | 2916 ||| RETREEEEATING.
  2932 | D:4      | Found Deiviame's Armour Shop.
  2941 | D:4      | 2941 ||| BUYING +1 pair of gloves of stealth (181 gold).
  2941 | D:4      | Bought a +1 pair of gloves of stealth for 181 gold pieces
  2957 | D:4      | Noticed Grinder
  2959 | D:4      | Paralysed by Grinder for 2 turns
  2967 | D:4      | Killed Grinder
  2968 | D:4      | Reached skill level 6 in Ranged Weapons
  3111 | D:4      | Killed Edmund
  3112 | D:4      | Reached skill level 3 in Armour
  3112 | D:4      | Reached XP level 8. HP: 58/58 MP: 0/0
  3168 | D:4      | 3168 ||| UPGRADING to +1 pair of gloves of stealth.
  3178 | D:4      | 3178 ||| DROPPING +0 pair of gloves.
  3179 | D:4      | 3179 ||| READING scroll of identify.
  3179 | D:4      | 3179 ||| IDENTIFYING sedimented grey potion
  3180 | D:4      | 3180 ||| READING scroll labelled KAOLUYLIEM.
  3281 | D:4      | 3281 ||| READING scroll labelled QOUKHL BELL.
  3304 | D:5      | Entered Level 5 of the Dungeon
  3305 | D:5      | 3305 ||| RETREEEEATING.
  3320 | D:5      | HP: 11/58 [gnoll sergeant/+0 spear of venom (6)]
  3321 | D:5      | 3321 ||| READING 2 scrolls of teleportation.
  3322 | D:5      | HP: 2/58 [gnoll/+0 halberd[a gnoll sergeant] (5)]
  3517 | D:5      | 3517 ||| Stepping randomly (disturbance).
  3518 | D:5      | 3518 ||| Stepping randomly (disturbance).
  3575 | D:5      | Reached skill level 7 in Ranged Weapons
  3611 | D:5      | Found a bloodstained altar of Trog.
  3843 | D:5      | 3843 ||| READING scroll of identify.
  3843 | D:5      | 3843 ||| IDENTIFYING sedimented ruby potion
  3844 | D:5      | 3844 ||| DRINKING 2 purple potions.
  3845 | D:5      | 3845 ||| DRINKING 2 cyan potions.
  3846 | D:5      | 3846 ||| DROPPING potion of magic.
  3847 | D:5      | 3847 ||| DROPPING potion of attraction.
  4150 | D:6      | Reached XP level 9. HP: 63/65 MP: 0/0
  4150 | D:6      | Learned a level 3 spell: Inner Flame
  4272 | D:6      | 4272 ||| FLEEEEING.
  4285 | D:6      | Reached skill level 8 in Ranged Weapons
  4314 | D:6      | Noticed Jeremiah
  4318 | D:6      | 4318 ||| FLEEEEING.
  4319 | D:6      | 4319 ||| FLEEEEING.
  4339 | D:6      | 4339 ||| DROPPING wand of flame (12).
  4380 | D:6      | HP: 15/65 [Jeremiah/divine providence (11)]
  4382 | D:6      | HP: 2/65 [Jeremiah/divine providence (15)]
  4387 | D:6      | 4387 ||| READING scroll of teleportation.
  4389 | D:6      | HP: 6/65 [Jeremiah/+3 trident of draining (4)]
  4419 | D:6      | HP: 16/65 [Jeremiah/divine providence (15)]
  4434 | D:6      | HP: 4/65 [Jeremiah/divine providence (13)]
  4442 | D:6      | HP: 3/65 [Jeremiah/divine providence (10)]
  4443 | D:6      | Slain by Jeremiah

Levels and vault maps discovered:
D:1:      ncdulo_wetmaze, layout_basic, basic_ecumenical_altar,
          minmay_misc_feat_ornament
D:2:      layout_loops_ring, serial_bayou, serial_bayou_lake_a,
          serial_bayou_pond_c, serial_bayou_pond_d, serial_bayou_pond_c
D:3:      layout_basic, gammafunk_ghost_grave, minmay_randomly_rotated_circles
D:4:      layout_rooms, minmay_temple_entry_grid, nicolae_stop_n_shop_2,
          minmay_misc_feat_more_columns, skrybe_limestone_x, uniq_grinder,
          uniq_edmund, uniq_robin
D:5:      layout_cave_pools, trog_hazing_becter
D:6:      layout_loops_corners, uniq_jeremiah
Temple:   mainiacjoe_temple_cubbyholes

Skill      XL: |  1  2  3  4  5  6  7  8  9 |
---------------+----------------------------+-----
Ranged Weapons | 4 5 6 7 8 |  8.0
Armour         | 1 3 |  3.0
Fighting       | 3 4 5 |  5.1
Dodging        | 3 4 |  4.4
Stealth        | |  0.7

Action                     |  1- 3 |  4- 6 |  7- 9 || total
---------------------------+-------+-------+-------++-------
   Fire: Shortbow          |    52 |   144 |   236 ||   432
    Use: Scroll            |     2 |     3 |     7 ||    12
         Potion            |       |     2 |     3 ||     5
 Armour: Ring mail         |    10 |    65 |   157 ||   232
  Dodge: Dodged            |     8 |    49 |   125 ||   182

Table legend:
 A = Non-vault XP
 B = Vault XP
 C = Vault XP percentage of total XP
 D = Non-vault monster count
 E = Vault monster count
 F = Vault count percentage of total count
                 A         B        C        D         E       F
            +---------+---------+-------+---------+---------+-------
      Total |    1814 |     549 |  23.2 |      97 |      25 |  20.5
            +---------+---------+-------+---------+---------+-------
        D:1 |      12 |       0 |   0.0 |       8 |       0 |   0.0
        D:2 |     144 |       0 |   0.0 |      21 |       0 |   0.0
        D:3 |     149 |      64 |  30.0 |      22 |       6 |  21.4
        D:4 |     233 |     477 |  67.2 |      19 |      13 |  40.6
        D:5 |     556 |       8 |   1.4 |      12 |       6 |  33.3
        D:6 |     720 |       0 |   0.0 |      15 |       0 |   0.0
            +---------+---------+-------+---------+---------+-------
